TOP OF THE 1ST |
Round Rock Express batting - Pitching for Arkansas Travelers : RHP Vicente Jaurequi
|
Pitching: RHP Vicente Jaurequi
|
|
Batting: LHB Steve Lyons
|
0-0: Ball 1-0: Fly out, F8 (Flyball, 8LM, EV 90.6 MPH)
|
Batting: LHB Luis Armijo
|
0-0: Ground out 6-3 (Groundball, 6, EV 82.5 MPH)
|
Batting: RHB Alejandro Sanchez
|
0-0: Ball 1-0: Fly out, F9 (Flyball, 9LM, EV 96.9 MPH)
|
Top of the 1st over - 0 runs, 0 hits, 0 errors, 0 left on base; Round Rock 0 - Arkansas 0 |
BOTTOM OF THE 1ST |
Arkansas Travelers batting - Pitching for Round Rock Express : RHP Jesus Laguna
|
Pitching: RHP Jesus Laguna
|
|
Batting: RHB Randy Milligan
|
0-0: Swinging Strike 0-1: Foul Ball, location: 2F 0-2: Ball 1-2: Foul Ball, location: 2F 1-2: Foul Ball, location: 2F 1-2: Strikes out swinging
|
Batting: RHB Michael Strawberry
|
0-0: Called Strike 0-1: Ball 1-1: Ball 2-1: Foul Ball, location: 2F 2-2: Foul Ball, location: 2F 2-2: Foul Ball, location: 2F 2-2: Foul Ball, location: 2F 2-2: Ball 3-2: Base on Balls
|
Batting: LHB Phil Stephenson
|
0-0: Ball 1-0: Foul Ball, location: 2F 1-1: Called Strike 1-2: Ball 2-2: DOUBLE (Flyball, 89D, EV 108.1 MPH) Michael Strawberry to third Runner from 3rd tries for Home, SAFE, throw by RF to trailing runner, SAFE at third!
|
Batting: SHB Bobby Bonilla
|
0-0: Ball 1-0: Called Strike 1-1: Ball Passed Ball! Phil Stephenson scores 2-1: Foul Ball, location: 2F 2-2: Ball 3-2: Base on Balls
|
Batting: RHB Denny Gonzalez
|
0-0: Ball 1-0: Called Strike 1-1: Called Strike 1-2: Fly out, F8 (Flyball, 8RD, EV 96.9 MPH)
|
Batting: RHB Dennis Seats
|
0-0: Called Strike 0-1: Called Strike 0-2: Fly out, F9 (Flyball, 9, EV 81.3 MPH)
|
Bottom of the 1st over - 2 runs, 1 hit, 0 errors, 1 left on base; Round Rock 0 - Arkansas 2 |
TOP OF THE 2ND |
Round Rock Express batting - Pitching for Arkansas Travelers : RHP Vicente Jaurequi
|
Batting: LHB Al Chambers
|
0-0: Called Strike 0-1: Ball 1-1: Ball 2-1: Ball 3-1: Foul Ball, location: 2F 3-2: Base on Balls
|
Batting: RHB Martyn Maxwell
|
0-0: Ball 1-0: Ball 2-0: Ball 3-0: Base on Balls Al Chambers to second
|
Batting: LHB Dave Sanchez
|
0-0: Ball Martyn Maxwell steals 2nd base Al Chambers steals 3rd base 1-0: Ball 2-0: Foul Ball, location: 2F 2-1: Foul Ball, location: 2F 2-2: Ground out 5-3 (Groundball, 5, EV 101.3 MPH)
|
Batting: LHB James Jennings
|
0-0: Ball 1-0: Fly out, F8 (Flyball, 89D, EV 85.6 MPH) Runner from 3rd tags up, SCORES, no throw by CF
|
Batting: RHB Mike Sodders
|
0-0: Ball 1-0: Called Strike 1-1: Ball 2-1: Ball 3-1: Foul Ball, location: 2F 3-2: Foul Ball, location: 2F 3-2: Base on Balls
|
Batting: LHB Buck Showalter
|
0-0: Ball 1-0: Called Strike 1-1: Ball 2-1: Ground out 4-3 (Groundball, 4, EV 84.4 MPH)
|
Top of the 2nd over - 1 run, 0 hits, 0 errors, 2 left on base; Round Rock 1 - Arkansas 2 |
BOTTOM OF THE 2ND |
Arkansas Travelers batting - Pitching for Round Rock Express : RHP Jesus Laguna
|
Batting: LHB Jesus Marinez
|
0-0: Ball 1-0: Called Strike 1-1: Foul Ball, location: 2F 1-2: Foul Ball, location: 2F 1-2: SINGLE (Line Drive, 78M, EV 96.3 MPH)
|
Batting: RHB Rob Deer
|
0-0: Ball 1-0: Fly out, F8 (Flyball, 8RD, EV 93.8 MPH)
|
Batting: RHB Rex Hudler
|
0-0: Foul Ball, location: 2F 0-1: Ball 1-1: Fly out, F7 (Flyball, 7, EV 89.4 MPH)
|
Batting: RHB Randy Milligan
|
0-0: Foul Ball, location: 2F 0-1: 2-RUN HOME RUN (Flyball, 9D, EV 102.5 MPH), Distance : 363 ft
|
Batting: RHB Michael Strawberry
|
0-0: Swinging Strike 0-1: Swinging Strike 0-2: Strikes out swinging
|
Bottom of the 2nd over - 2 runs, 2 hits, 0 errors, 0 left on base; Round Rock 1 - Arkansas 4 |
TOP OF THE 3RD |
Round Rock Express batting - Pitching for Arkansas Travelers : RHP Vicente Jaurequi
|
Batting: LHB Steve Lyons
|
0-0: Ball 1-0: Ball 2-0: Ball 3-0: Called Strike 3-1: Base on Balls
|
Batting: LHB Luis Armijo
|
0-0: Ball Wild Pitch! Steve Lyons to second 1-0: Ball 2-0: Ball 3-0: Base on Balls
|
Batting: RHB Alejandro Sanchez
|
0-0: Ball 1-0: Ground out 5-3 (Groundball, 5S, EV 64.4 MPH) Steve Lyons to third Luis Armijo to second
|
Batting: LHB Al Chambers
|
0-0: Foul Ball, location: 2F 0-1: DOUBLE (Line Drive, 89D, EV 109.4 MPH) Steve Lyons scores Luis Armijo scores
|
Batting: RHB Martyn Maxwell
|
0-0: Ball 1-0: Called Strike 1-1: SINGLE (Flyball, 8LS, EV 91.9 MPH) Al Chambers to third Runner from 3rd tries for Home, SAFE, throw by CF to home
|
Batting: LHB Dave Sanchez
|
0-0: Ball 1-0: Ball 2-0: Fly out, F5 (Popup, 56, EV 78.1 MPH)
|
Batting: LHB James Jennings
|
0-0: Ball 1-0: Foul Ball, location: 2F 1-1: Ball 2-1: Called Strike 2-2: Fly out, F7 (Flyball, 78S, EV 90.6 MPH)
|
Top of the 3rd over - 3 runs, 2 hits, 0 errors, 1 left on base; Round Rock 4 - Arkansas 4 |
BOTTOM OF THE 3RD |
Arkansas Travelers batting - Pitching for Round Rock Express : RHP Jesus Laguna
|
Batting: LHB Phil Stephenson
|
0-0: Ball 1-0: Ball 2-0: Ball 3-0: Called Strike 3-1: Base on Balls
|
Batting: SHB Bobby Bonilla
|
0-0: Ball 1-0: Ball 2-0: Foul Ball, location: 2F 2-1: Ball 3-1: Base on Balls Phil Stephenson to second
|
Batting: RHB Denny Gonzalez
|
0-0: Foul Ball, location: 2F 0-1: Ball 1-1: Called Strike 1-2: Grounds into double play, 4-6-3 (Groundball, 4M, EV 87.5 MPH) Phil Stephenson to third
|
Batting: RHB Dennis Seats
|
0-0: Called Strike 0-1: Foul Ball, location: 2F 0-2: Ball 1-2: Strikes out swinging
|
Bottom of the 3rd over - 0 runs, 0 hits, 0 errors, 1 left on base; Round Rock 4 - Arkansas 4 |
TOP OF THE 4TH |
Round Rock Express batting - Pitching for Arkansas Travelers : RHP Vicente Jaurequi
|
Batting: RHB Mike Sodders
|
0-0: Ball 1-0: Called Strike 1-1: DOUBLE (Line Drive, 9LM, EV 94.4 MPH)
|
Batting: LHB Buck Showalter
|
0-0: Called Strike 0-1: Foul Ball, location: 2F 0-2: Fly out, F1 (Line Drive, P, EV 71.9 MPH)
|
Batting: LHB Steve Lyons
|
0-0: Called Strike 0-1: Ball 1-1: Called Strike 1-2: Fly out, F7 (Flyball, 7S, EV 92.5 MPH)
|
Batting: LHB Luis Armijo
|
0-0: Called Strike 0-1: Ball 1-1: Ball 2-1: Called Strike 2-2: Ball 3-2: Strikes out swinging
|
Top of the 4th over - 0 runs, 1 hit, 0 errors, 1 left on base; Round Rock 4 - Arkansas 4 |
BOTTOM OF THE 4TH |
Arkansas Travelers batting - Pitching for Round Rock Express : RHP Jesus Laguna
|
Batting: LHB Jesus Marinez
|
0-0: Ground out 4-3 (Groundball, 4, EV 92.5 MPH)
|
Batting: RHB Rob Deer
|
0-0: Ball 1-0: Called Strike 1-1: Fly out, F4 (Flyball, 34D, EV 86.9 MPH)
|
Batting: RHB Rex Hudler
|
0-0: Ball 1-0: Foul Ball, location: 2F 1-1: Ball 2-1: Ball 3-1: Ground out U3 (Groundball, 3S, EV 84.4 MPH)
|
Bottom of the 4th over - 0 runs, 0 hits, 0 errors, 0 left on base; Round Rock 4 - Arkansas 4 |
TOP OF THE 5TH |
Round Rock Express batting - Pitching for Arkansas Travelers : RHP Vicente Jaurequi
|
Batting: RHB Alejandro Sanchez
|
0-0: Swinging Strike 0-1: Hit by Pitch
|
Batting: LHB Al Chambers
|
0-0: Ball 1-0: Called Strike 1-1: Called Strike 1-2: Foul Ball, location: 2F 1-2: Ball 2-2: Ball 3-2: Ground out 4-3 (Groundball, 4MS, EV 92.5 MPH) Alejandro Sanchez to second
|
Batting: RHB Martyn Maxwell
|
0-0: Ball 1-0: Swinging Strike 1-1: Fly out, F8 (Flyball, 78M, EV 85.0 MPH)
|
Batting: LHB Dave Sanchez
|
0-0: Ball 1-0: Ball 2-0: Foul Ball, location: 2F 2-1: Foul Ball, location: 2F 2-2: Ball 3-2: Foul Ball, location: 2F 3-2: Strikes out looking
|
Top of the 5th over - 0 runs, 0 hits, 0 errors, 1 left on base; Round Rock 4 - Arkansas 4 |
BOTTOM OF THE 5TH |
Arkansas Travelers batting - Pitching for Round Rock Express : RHP Jesus Laguna
|
Batting: RHB Randy Milligan
|
0-0: Ball 1-0: Ball 2-0: Ball 3-0: Called Strike 3-1: Base on Balls
|
Batting: RHB Michael Strawberry
|
0-0: Bunt missed! 0-1: Sac Bunt to 2R - play at first, batter OUT! 2-4 Randy Milligan to second
|
Batting: LHB Phil Stephenson
|
0-0: Ball 1-0: Foul Ball, location: 2F 1-1: Ball 2-1: Foul Ball, location: 2F 2-2: Ball 3-2: Fly out, F8 (Flyball, 8LXD, EV 84.4 MPH) Runner from 2nd tags up, SAFE at 3rd, no throw by CF
|
Batting: SHB Bobby Bonilla
|
0-0: Ball 1-0: Fly out, F8 (Flyball, 8RD, EV 95.6 MPH)
|
Bottom of the 5th over - 0 runs, 0 hits, 0 errors, 1 left on base; Round Rock 4 - Arkansas 4 |
TOP OF THE 6TH |
Round Rock Express batting - Pitching for Arkansas Travelers : RHP Vicente Jaurequi
|
Batting: LHB James Jennings
|
0-0: Ball 1-0: Ball 2-0: Ball 3-0: Called Strike 3-1: Base on Balls
|
Batting: RHB Mike Sodders
|
0-0: Foul Ball, location: 2F 0-1: Ball 1-1: Ball 2-1: Called Strike 2-2: Ball 3-2: Ground out 5-3 (Groundball, 56, EV 87.5 MPH) James Jennings to second
|
Batting: LHB Buck Showalter
|
0-0: Ball 1-0: SINGLE (Groundball, 56D, EV 102.5 MPH) - runner OUT being hit by batted ball. (infield hit)
|
Batting: LHB Steve Lyons
|
0-0: Ball 1-0: Ball 2-0: Ball 3-0: Called Strike 3-1: Fly out, F9 (Flyball, 9, EV 85.6 MPH)
|
Top of the 6th over - 0 runs, 1 hit, 0 errors, 1 left on base; Round Rock 4 - Arkansas 4 |
BOTTOM OF THE 6TH |
Arkansas Travelers batting - Pitching for Round Rock Express : RHP Jesus Laguna
|
Batting: RHB Denny Gonzalez
|
0-0: Called Strike 0-1: Ball 1-1: SINGLE (Groundball, 4MD, EV 103.8 MPH)
|
Batting: RHB Dennis Seats
|
0-0: Called Strike 0-1: Foul Ball, location: 2F 0-2: Ball Denny Gonzalez steals 2nd base (no throw) 1-2: Ball 2-2: Ball 3-2: Foul Ball, location: 2F 3-2: Foul Ball, location: 2F 3-2: Fly out, F8 (Flyball, 89XD, EV 105.6 MPH) Runner from 2nd tags up, SAFE at 3rd, no throw by CF
|
Batting: LHB Jesus Marinez
|
0-0: Called Strike 0-1: SINGLE (Groundball, 4MD, EV 98.8 MPH) Denny Gonzalez scores
|
Batting: RHB Rob Deer
|
0-0: Ball 1-0: Ball 2-0: Ball 3-0: Called Strike 3-1: Base on Balls Jesus Marinez to second
|
Pitching: RHP Bret Cleland
|
|
Batting: RHB Rex Hudler
|
0-0: Called Strike Jesus Marinez steals 3rd, throwing error, E2 Jesus Marinez scores Rob Deer to third 0-1: Ball 1-1: Ball 2-1: Ball 3-1: Ground out 6-3 (Groundball, 6, EV 89.4 MPH) Rob Deer scores
|
Batting: RHB Randy Milligan
|
0-0: Fly out, F9 (Line Drive, 9D, EV 103.8 MPH)
|
Bottom of the 6th over - 3 runs, 2 hits, 1 error, 0 left on base; Round Rock 4 - Arkansas 7 |
TOP OF THE 7TH |
Round Rock Express batting - Pitching for Arkansas Travelers : RHP Vicente Jaurequi
|
Pitching: RHP Vittore Fachinetti
|
|
Batting: LHB Luis Armijo
|
0-0: Ball 1-0: Ball 2-0: Fly out, F9 (Line Drive, 9, EV 87.5 MPH)
|
Batting: RHB Alejandro Sanchez
|
0-0: Ball 1-0: Foul Ball, location: 2F 1-1: Foul Ball, location: 2F 1-2: Fly out, F4 (Popup, 4, EV 65.0 MPH)
|
Batting: LHB Al Chambers
|
0-0: Called Strike 0-1: Ball 1-1: Ball 2-1: Ball 3-1: Ground out 6-3 (Groundball, 6, EV 85.0 MPH)
|
Top of the 7th over - 0 runs, 0 hits, 0 errors, 0 left on base; Round Rock 4 - Arkansas 7 |
BOTTOM OF THE 7TH |
Arkansas Travelers batting - Pitching for Round Rock Express : RHP Bret Cleland
|
Batting: RHB Michael Strawberry
|
0-0: Ball 1-0: Ball 2-0: SINGLE (Flyball, 3D, EV 99.4 MPH)
|
Batting: LHB Phil Stephenson
|
0-0: Ball 1-0: Fly out, F9 (Flyball, 9, EV 91.9 MPH)
|
Batting: SHB Bobby Bonilla
|
0-0: Ball Michael Strawberry steals 2nd base 1-0: Called Strike 1-1: Ball 2-1: Foul Ball, location: 2F 2-2: Ball 3-2: Base on Balls
|
Batting: RHB Denny Gonzalez
|
0-0: Ball 1-0: Ball 2-0: Ball 3-0: Called Strike 3-1: Called Strike 3-2: Fly out, F7 (Flyball, 7D, EV 100.6 MPH) Runner from 2nd tags up, SAFE at 3rd with throw by LF
|
Batting: RHB Dennis Seats
|
0-0: Ball 1-0: Reached on error, E5 (Groundball, 5L, EV 82.5 MPH) Michael Strawberry scores Bobby Bonilla to second
|
Batting: LHB Jesus Marinez
|
0-0: Foul Ball, location: 2F 0-1: Called Strike 0-2: Foul Ball, location: 2F 0-2: Strikes out swinging
|
Bottom of the 7th over - 1 run, 1 hit, 1 error, 2 left on base; Round Rock 4 - Arkansas 8 |
TOP OF THE 8TH |
Round Rock Express batting - Pitching for Arkansas Travelers : RHP Vittore Fachinetti
|
Batting: RHB Martyn Maxwell
|
0-0: Ball 1-0: Ball 2-0: Ball 3-0: Base on Balls
|
Batting: LHB Dave Sanchez
|
0-0: Called Strike 0-1: Called Strike 0-2: Strikes out swinging
|
Batting: LHB James Jennings
|
0-0: Swinging Strike 0-1: Ball 1-1: Ball 2-1: Ball 3-1: Foul Ball, location: 2F 3-2: Foul Ball, location: 2F 3-2: Base on Balls Martyn Maxwell to second
|
Batting: RHB Mike Sodders
|
0-0: Fielders Choice at 2nd, 5-4 (Groundball, 56, EV 84.4 MPH) Martyn Maxwell to third
|
Batting: LHB Buck Showalter
|
0-0: Swinging Strike 0-1: Foul Ball, location: 2F 0-2: Ground out 1-3 (Groundball, 13S, EV 69.4 MPH)
|
Top of the 8th over - 0 runs, 0 hits, 0 errors, 2 left on base; Round Rock 4 - Arkansas 8 |
BOTTOM OF THE 8TH |
Arkansas Travelers batting - Pitching for Round Rock Express : RHP Bret Cleland
|
Pitching: RHP Jeff Keener
|
|
Batting: RHB Rob Deer
|
0-0: Ball 1-0: Called Strike 1-1: Ball 2-1: Ball 3-1: Base on Balls
|
Batting: RHB Rex Hudler
|
0-0: Sac Bunt to 5S - play at first, batter OUT! 5-3 Rob Deer to second
|
Batting: RHB Randy Milligan
|
0-0: Ball 1-0: Called Strike 1-1: Ball 2-1: Foul Ball, location: 2F 2-2: Ground out 5-3 (Groundball, 25, EV 81.9 MPH)
|
Batting: RHB Michael Strawberry
|
0-0: Ball 1-0: Ball 2-0: Ball 3-0: Called Strike 3-1: Ground out 6-3 (Groundball, 6, EV 96.3 MPH)
|
Bottom of the 8th over - 0 runs, 0 hits, 0 errors, 1 left on base; Round Rock 4 - Arkansas 8 |
TOP OF THE 9TH |
Round Rock Express batting - Pitching for Arkansas Travelers : RHP Vittore Fachinetti
|
Batting: LHB Steve Lyons
|
0-0: Called Strike 0-1: Ball 1-1: Ball 2-1: Ball 3-1: Base on Balls
|
Batting: LHB Luis Armijo
|
0-0: Called Strike 0-1: Ball 1-1: Ball 2-1: Fielders Choice at 2nd, 3-6 (Groundball, 3, EV 83.1 MPH)
|
Batting: RHB Alejandro Sanchez
|
0-0: Ball 1-0: Ball 2-0: Fielders Choice at 2nd, 6-4 (Groundball, 56, EV 96.3 MPH)
|
Batting: LHB Al Chambers
|
0-0: Swinging Strike 0-1: Fly out, F8 (Flyball, 8LD, EV 84.4 MPH)
|
Top of the 9th over - 0 runs, 0 hits, 0 errors, 1 left on base; Round Rock 4 - Arkansas 8 |
|